 Dungeon Crawl Stone Soup version 0.30.1-4-g462c640d31 (webtiles) character file.

Game seed: 15557277374924923451

135 GeoRichter the Chopper (level 5, -2/47 HPs)
             Began as a Hill Orc Fighter on Aug 15, 2023.
             Slain by an orc
             ... wielding a +0 flail
              (5 damage)
             ... on level 1 of the Dungeon.
             The game lasted 00:02:33 (1956 turns).

GeoRichter the Chopper (Hill Orc Fighter)           Turns: 1956, Time: 00:02:33

Health: -2/47      AC:  6    Str: 21    XL:     5   Next: 18%
Magic:  5/5        EV:  9    Int:  8    God:
Gold:   89         SH:  4    Dex: 10    Spells: 4/4 levels left

rFire   . . .        a - +0 war axe
rCold   . . .        c - +0 buckler
rNeg    . . .        b - +0 scale mail
rPois   .            (no helmet)
rElec   .            (no cloak)
rCorr   .            (no gloves)
SInv    .            (no boots)
Will    .....        (no amulet) Stlth
                     (no ring)
HPRegen 0.27/turn    (no ring)
MPRegen 0.09/turn

%: no passive effects
@: no status effects
A: no striking features
a: no special abilities


You were on level 1 of the Dungeon.
You visited 1 branch of the dungeon, and saw 2 of its levels.

You collected 89 gold pieces.

Inventory:

Hand Weapons
 a - a +0 war axe (weapon)
Missiles
 j - 5 javelins (quivered)
Armour
 b - a +0 scale mail (worn)
 c - a +0 buckler (worn)
Jewellery
 f - an amulet of regeneration
   (You found it on level 1 of the Dungeon)
Scrolls
 h - a scroll of enchant weapon {unknown}
 i - a scroll of identify {unknown}
 k - a scroll of teleportation {unknown}
Potions
 d - a potion of might
 e - a potion of degeneration {unknown}
 g - a potion of resistance {unknown}
 l - a potion of curing {unknown}


   Skills:
 + Level 4.9 Fighting
 * Level 5.8 Axes
 - Level 3.2 Armour
 - Level 3.2 Shields


You had 4 spell levels left.
You didn't know any spells.
Your spell library contained the following spells:

 Spells                   Type           Power      Damage    Failure   Level
 Sandblast                Erth           0%         2d4       82%         1
 Passwall                 Tmut/Erth      0%         N/A       91%         2
 Stone Arrow              Conj/Erth      0%         3d7       99%         3


Dungeon Overview and Level Annotations

Branches:
Dungeon (2/15) Zot: 9984

Altars:

Shops:
D:2 (

Annotations:
D:2 Natasha


Message History

The orc barely misses you.
You hit the orc but do no damage.
The orc is heavily wounded.
The orc hits you with a +0 morningstar.
* * * LOW HITPOINT WARNING * * *
You barely miss the orc.
The orc is heavily wounded.
The orc barely misses you.
You hit the orc but do no damage.
The orc is heavily wounded.
The orc misses you. The orc closely misses you.
You hit the orc but do no damage.
The orc is heavily wounded.
Natasha howls an incantation.
Natasha glows brightly for a moment.
Natasha mumbles some strange words.
The orc closely misses you.
You slash the orc!
You kill the orc!
Natasha casts a spell at you.
The magic dart hits you but does no damage.
The orc attacks as you move away! You block the orc's attack.
Okay, then.
The orc attacks as you move away! The orc hits you but does no damage.
The orc attacks as you move away! The orc barely misses you.
Natasha mumbles some strange words.
The orc attacks as you move away! The orc hits you with a +0 flail.
* * * LOW HITPOINT WARNING * * *
The orc attacks as you move away! The orc hits you with a +0 flail.
* * * LOW HITPOINT WARNING * * *
The orc attacks as you move away! The orc closely misses you.
There is an open door here.
The orc attacks as you move away! The orc completely misses you.
Natasha mumbles some strange words.
You feel disoriented. The orc attacks as you move away!
The orc barely misses you. The orc attacks as you move away!
The orc hits you with a +0 flail.
* * * LOW HITPOINT WARNING * * *
The orc attacks as you move away! The orc hits you with a +0 flail.
* * * LOW HITPOINT WARNING * * *
There is a stone staircase leading up here.
The cerulean imp disappears in a puff of smoke!
The orc closely misses you.
You climb upwards.
There is a stone staircase leading down here.
You completely miss the orc. The orc hits you with a +0 flail.
* * * LOW HITPOINT WARNING * * *
You closely miss the orc. The orc hits you but does no damage.
The orc hits you with a +0 flail.
You die...

######.####### #...#
#..†)..#.....# ##### ######
#.######.###.# #..... #.# #...#
#.# ###### #..... #.####.### #.#
#....# #..... #.#.....# #.#
#....# #.....
####.#.##..####.###....# #.....
#....#.##..##....##....#####.....
#.#.....#..##..o@................
#.#.###........#...#############.
#.#.# #....#.......# #. ....#
#.......).#..#############. #####
#...##.#...................
#...##....########..#######
#...###~###########.~~~~~~~ #...#
#~.#.#...#....~...... #...#
#~.#.#.###.~~~~.#####


You could see an orc.

Vanquished Creatures
  Jessica (D:2)
  4 gnolls
  An adder (D:2)
  A worm (D:2)
  A dart slug (D:1)
  An orc (D:2)
  13 endoplasms
  2 giant cockroaches (D:2)
  3 goblins
  5 hobgoblins
  3 jackals (D:2)
  A quokka (D:1)
  3 ball pythons
  4 bats
  6 frilled lizards
  3 kobolds (D:1)
  3 rats
55 creatures vanquished.

Notes
Turn   | Place    | Note
-------+----------+-------------------------------------------
     0 | D:1      | GeoRichter the Hill Orc Fighter began the quest for the
                  | Orb.
     0 | D:1      | Reached XP level 1. HP: 19/19 MP: 1/1
    25 | D:1      | Reached skill level 3 in Axes
   136 | D:1      | Reached XP level 2. HP: 18/27 MP: 2/2
   324 | D:1      | Reached skill level 4 in Axes
   324 | D:1      | Reached XP level 3. HP: 21/33 MP: 3/3
  1070 | D:2      | Reached XP level 4. HP: 33/41 MP: 4/4
  1071 | D:2      | Reached skill level 5 in Axes
  1170 | D:2      | Found Sunympyu's Weapon Boutique.
  1411 | D:2      | Noticed Jessica
  1420 | D:2      | Killed Jessica
  1450 | D:2      | Reached XP level 5. HP: 37/47 MP: 5/5
  1918 | D:2      | Noticed Natasha
  1952 | D:2      | HP: 2/47 [orc/+0 flail (5)]
  1956 | D:1      | Slain by an orc

Illustrated notes

Levels and vault maps discovered:
D:1:      psy_arrival_radial02, layout_basic
D:2:      layout_loops_corners, serial_shops, shop,
          hellmonk_ecumenical_altar_defaced_shrine, uniq_jessica, uniq_natasha

Skill      XL: |  1  2  3  4 |
---------------+-------------+-----
Axes           | 3 4 5 |  5.8
Fighting       | 4 |  4.9
Armour         | |  3.2
Shields        | |  3.2

Action                     |  1- 3 |  4- 6 || total
---------------------------+-------+-------++-------
  Melee: War axe           |    88 |    65 ||   153
  Throw: Javelin           |     4 |     2 ||     6
 Armour: Scale mail        |    28 |    18 ||    46
  Dodge: Dodged            |    36 |    42 ||    78
  Block: Buckler           |    19 |    12 ||    31
